 Dungeon Crawl Stone Soup version 0.24.0-13-gcf9b3192b9 (webtiles) character file.

Game seed: 15496635078963383839, levelgen mode: deterministic

102 sking99 the Magician (level 5, 0/29 HPs)
             Began as a Kobold Wizard on Nov 8, 2019.
             Slain by a hobgoblin (3 damage)
             ... led by Robin
             ... on level 2 of the Dungeon.
             The game lasted 00:06:24 (2845 turns).

sking99 the Magician (Kobold Wizard)                Turns: 2845, Time: 00:06:25

Health: 0/29       AC:  3    Str:  4    XL:     5   Next: 6%
Magic:  0/10       EV: 15    Int: 21    God:
Gold:   60         SH:  0    Dex: 13    Spells: 3/11 levels left

rFire    . . .     SeeInvis .   (weapon restricted)
rCold    + . .     Gourm    .   (shield restricted)
rNeg     . . .     Faith    .   a - +0 robe
rPois    .         Spirit   .   m - +0 helmet
rElec    .         Reflect  .   (no cloak)
rCorr    .         Harm     .   (no gloves)
MR       .....                  (no boots)
Stlth    ++........             (no amulet)
HPRegen  0.09/turn              n - ring of protection from cold
MPRegen  0.12/turn              (no ring)

@: no status effects
A: small, carnivore
a: no special abilities


You were on level 2 of the Dungeon.
You were very full.

You visited 1 branch of the dungeon, and saw 2 of its levels.

You collected 60 gold pieces.

Inventory:

Armour
 a - a +0 robe (worn)
 b - a +0 hat
 m - a +0 helmet (worn)
Jewellery
 h - an uncursed ring of flight {unknown}
 k - a cursed ring of attention {unknown}
 n - a ring of protection from cold (left hand)
Scrolls
 e - a scroll of remove curse {unknown}
 i - a scroll of magic mapping {unknown}
 j - a scroll of teleportation {unknown}
Potions
 c - a potion of mutation {unknown}
 f - a potion of heal wounds {unknown}
 g - a potion of berserk rage {unknown}
 l - a potion of invisibility {unknown}
 o - a potion of flight {unknown}
Comestibles
 d - 2 rations


   Skills:
 + Level 1.5 Fighting
 - Level 2.4 Dodging
 + Level 3.7 Stealth
 + Level 3.7 Spellcasting
 * Level 2.5 Conjurations
 + Level 1.6 Summonings
 - Level 1.0 Translocations
 + Level 0.8 Fire Magic


You had 3 spell levels left.
You knew the following spells:

 Your Spells              Type           Power        Failure   Level  Hunger
a - Magic Dart            Conj           ##..         4%          1    None
b - Blink                 Tloc           N/A          12%         2    ##.....
c - Call Imp              Summ           ##......     10%         2    ##.....
d - Conjure Flame         Conj/Fire      ##......     19%         3    ###....

Your spell library contained the following spells:

 Spells                   Type           Power        Failure   Level  Hunger
 Slow                     Hex            #.......     19%         2    ##.....
 Mephitic Cloud           Conj/Pois/Air  #.......     26%         3    ###....


Dungeon Overview and Level Annotations

Branches:
Dungeon (2/15)

Altars:
Makhleb
Qazlal
Ru
Zin


Innate Abilities, Weirdness & Mutations

You are small and have problems with some larger weapons.
You are carnivorous and can eat meat at any time.


Message History

The goblin is severely wounded.
The goblin closely misses you. The hobgoblin barely misses you.
You closely miss the goblin.
The goblin is severely wounded.
The goblin hits you with a +0 club.
* * * LOW HITPOINT WARNING * * *
The hobgoblin barely misses you.
You closely miss the goblin.
The goblin is severely wounded.
The goblin hits you with a +0 club.
* * * LOW HITPOINT WARNING * * *
The hobgoblin misses you.
You barely miss the goblin.
The goblin is severely wounded.
The hobgoblin misses you. The goblin hits you with a +0 club.
* * * LOW HITPOINT WARNING * * *
You barely miss the goblin.
The goblin is severely wounded.
The hobgoblin hits you.
You die...

#.....# #.#.#... #######.....#
#.#.#.##
............#######.#.#.#
........#÷.÷......#.#(#.#
........#########.#.....#
........# #.###.#### ........#
#.....#...
####################.......##
........gggg@g......>...####
####.#.....gs########.....#
........$........## #.....#
.#.#.#.#.......#..###.....#####
#.#.###.#.##.##......')...
.s#.....#.##.###.....##..#
...####....##.# #.....###..
.@.g #.#####.###.....# #..
...gg #.# #.#.....### #..


You could see a giant cockroach, a hobgoblin and 5 goblins.

Vanquished Creatures
  Robin (D:2)
  2 adders (D:2)
  A worm (D:2)
  2 dart slugs (D:1)
  4 bats (D:1)
  A giant cockroach (D:1)
  9 goblins
  4 hobgoblins
  6 jackals (D:1)
  8 kobolds
  A quokka (D:2)
  A ball python (D:1)
  7 frilled lizards
  6 rats
53 creatures vanquished.

Vanquished Creatures (collateral kills)
  Terence (D:2)
1 creature vanquished.

Grand Total: 54 creatures vanquished

Notes
Turn   | Place    | Note
-------+----------+-------------------------------------------
     0 | D:1      | sking99 the Kobold Wizard began the quest for the Orb.
     0 | D:1      | Reached XP level 1. HP: 10/10 MP: 4/4
   192 | D:1      | Reached XP level 2. HP: 12/16 MP: 0/6
   261 | D:1      | Learned a level 2 spell: Blink
   264 | D:1      | Learned a level 2 spell: Call Imp
   754 | D:1      | Reached XP level 3. HP: 20/20 MP: 0/7
   759 | D:1      | Learned a level 3 spell: Conjure Flame
   843 | D:1      | Reached skill level 1 in Fighting
  1708 | D:2      | Noticed Terence
  1773 | D:2      | Found a stormy altar of Qazlal.
  1773 | D:2      | Found a burning altar of Makhleb.
  1830 | D:2      | Found a sacrificial altar of Ru.
  1830 | D:2      | Found a glowing silver altar of Zin.
  1950 | D:2      | Reached XP level 4. HP: 25/25 MP: 2/9
  2749 | D:2      | Killed Terence
  2812 | D:2      | Noticed Robin
  2830 | D:2      | Killed Robin
  2830 | D:2      | Reached XP level 5. HP: 15/29 MP: 0/10
  2845 | D:2      | Slain by a hobgoblin

Levels and vault maps discovered:
D:1:      dpeg_arrival_three_same_balls, layout_basic
D:2:      layout_basic, grunt_temple_overflow_open, uniq_terence, uniq_robin

Skill      XL: |  1  2  3 |
---------------+----------+-----
Stealth        | 3 |  3.7
Fighting       | 1 |  1.5
Conjurations   | 2 |  2.5
Dodging        | |  2.4
Spellcasting   | |  3.7
Summonings     | |  1.6
Translocations | |  1.0
Fire Magic     | |  0.8

Action                   |  1- 3 |  4- 6 || total
-------------------------+-------+-------++-------
Melee: Unarmed           |    35 |    21 ||    56
 Cast: Magic Dart        |    95 |    55 ||   150
       Blink             |     1 |       ||     1
       Call Imp          |       |     2 ||     2
  Eat: Chunk             |    11 |     2 ||    13
Armor: Robe              |     9 |     7 ||    16
Dodge: Dodged            |    55 |    45 ||   100
